 Dungeon Crawl Stone Soup version 0.29.0-11-gd7f09526c8 (webtiles) character file.

Game seed: 9060030914030856620

102 LustLizard the Magician (level 5, 0/35 HPs)
             Began as a Djinni Ice Elementalist on Sept 2, 2022.
             Killed by nerve-wracking pain
             ... invoked by Grinder
              (3 damage)
             ... while paralysed by Grinder
             ... on level 3 of the Dungeon.
             The game lasted 00:05:39 (3448 turns).

LustLizard the Magician (Djinni Ice Elementalist)   Turns: 3448, Time: 00:05:40

Health: 0/35       AC:  2    Str:  7    XL:     5   Next: 5%
Gold:   170        EV:  2    Int: 19    God:
                   SH:  0    Dex: 13

rFire   + + .      SeeInvis .   l - +5 sling of Pain and Death {freeze, rN+}
rCold   x . .      Faith    .   (no shield)
rNeg    + . .      Spirit   .   a - +0 robe
rPois   ∞          Reflect  .   (no helmet)
rElec   .          Harm     .   (no cloak)
rCorr   .          Rampage  .   (no gloves)
Will    .....                   (boots unavailable)
Stlth   ++........              (no amulet)
HPRegen 0.11/turn               (no ring)
MPRegen 0.00/turn               (no ring)

@: paralysed, flying
A: sickness immunity, fire resistance 2, cold vulnerability 1, float, innate
caster, HP casting, extra vitality 1
a: no special abilities


You were on level 3 of the Dungeon.
You visited 1 branch of the dungeon, and saw 3 of its levels.

You collected 170 gold pieces.

Inventory:

Hand Weapons
 b - a +0 hand axe
 l - the +5 sling of Pain and Death (weapon) {freeze, rN+}
   (You found it on level 3 of the Dungeon)

   Any ammunition fired from it freezes those it strikes, dealing additional
   cold damage.
   It can also slow down cold-blooded creatures.
   rN:        It protects you from negative energy.
Armour
 a - a +0 robe (worn)
 c - a +0 leather armour
Scrolls
 d - a scroll of immolation {unknown}
 e - a scroll of butterflies {unknown}
 f - a scroll of vulnerability {unknown}
 g - a scroll of brand weapon {unknown}
 h - a scroll of noise {unknown}
 k - a scroll of identify {unknown}
 m - a scroll of enchant armour {unknown}
 n - a scroll of teleportation {unknown}
 o - a scroll of acquirement {unknown}
Potions
 i - a potion of curing {unknown}
 j - a potion of haste {unknown}


   Skills:
 * Level 0.6 Ranged Weapons
 - Level 2.1 Dodging
 + Level 2.6 Stealth
 * Level 4.2 Spellcasting


You couldn't memorise any spells.
You knew the following spells:

 Your Spells              Type           Power      Damage    Failure   Level
a - Freeze                Ice            80%        1d9       2%          1
b - Frozen Ramparts       Ice            40%        1d7       7%          3
c - Ozocubu's Armour      Ice            20%        N/A       7%          3
d - Hailstorm             Conj/Ice       20%        3d6       24%         4
e - Necrotise             Necr           80%        1d8       2%          1
f - Scorch                Fire           40%        2d7       3%          2
Your spell library was empty.

Dungeon Overview and Level Annotations

Branches:
Dungeon (3/15)

Altars:

Annotations:
D:3 Grinder


Innate Abilities, Weirdness & Mutations

You are immune to sickness and miasma.
You are immune to poison.
Your flesh is very heat resistant. (rF++)
You are vulnerable to cold. (rC-)
You float through the air rather than walking.
You learn spells naturally, not from books.
Your magical power is your life essence.
You have superior vitality. (+4 MHP)


Message History

The sling bullet closely misses Grinder.
Grinder zaps a wand.
The puff of flame hits you. You resist.
* * * LOW HITPOINT WARNING * * *
Fire: l) +5 sling of Pain and Death {freeze, rN+}
Press: ? - help, Q - select action, (/) - cycle Shift-Dir - straight line, f/p - Grinder
Aim: Grinder, carrying a wand of flame (23) (severely wounded, 57% to hit)
You shoot a sling bullet. The sling bullet hits Grinder.
Grinder is severely wounded.
Unknown command.
Fire: l) +5 sling of Pain and Death {freeze, rN+}
Press: ? - help, Q - select action, (/) - cycle Shift-Dir - straight line, f/p - Grinder
Aim: Grinder, carrying a wand of flame (23) (severely wounded, 57% to hit)
You shoot a sling bullet.
The sling bullet closely misses Grinder.
Grinder grins, showing sharp teeth.
Grinder gestures at you. You resist with significant effort.
Fire: l) +5 sling of Pain and Death {freeze, rN+}
Press: ? - help, Q - select action, (/) - cycle Shift-Dir - straight line, f/p - Grinder
Aim: Grinder, carrying a wand of flame (23) (severely wounded, 57% to hit)
You shoot a sling bullet.
The sling bullet closely misses Grinder.
Unknown command.
Fire: l) +5 sling of Pain and Death {freeze, rN+}
Press: ? - help, Q - select action, (/) - cycle Shift-Dir - straight line, f/p - Grinder
Aim: Grinder, carrying a wand of flame (23) (severely wounded, 57% to hit)
You shoot a sling bullet. The sling bullet hits Grinder.
Grinder is almost dead.
Grinder zaps a wand.
The puff of flame hits you. You resist.
* * * LOW HITPOINT WARNING * * *
Fire: l) +5 sling of Pain and Death {freeze, rN+}
Press: ? - help, Q - select action, (/) - cycle Shift-Dir - straight line, f/p - Grinder
Aim: Grinder, carrying a wand of flame (22) (almost dead, 57% to hit)
You shoot a sling bullet. The sling bullet hits Grinder.
Grinder is almost dead.
Grinder gestures at you.
You suddenly lose the ability to move!
Grinder gestures at you. Pain shoots through your body!
You die...

.. #. #. #. ###. #####
## ... #...# #.
####5#########...####.
#....@.............##.
#.##.#######>.........
#. #.......##. #.
###...####. #.###
#...# #. #.# ##### #.
##.## # #.
#####...##.# #.
.........#.# #.


You could see Grinder.

Vanquished Creatures
  Ijyb (D:3)
  An adder (D:3)
  5 dart slugs
  5 ball pythons
  9 bats
  5 endoplasms
  3 giant cockroaches
  A goblin (D:3)
  6 hobgoblins
  8 kobolds
  4 quokkas
  2 frilled lizards
  2 rats (D:1)
52 creatures vanquished.

Vanquished Creatures (others)
  3 fungi (D:1)
  3 plants (D:1)
6 creatures vanquished.

Grand Total: 58 creatures vanquished

Notes
Turn   | Place    | Note
-------+----------+-------------------------------------------
     0 | D:1      | LustLizard the Djinni Ice Elementalist began the quest for
                  | the Orb.
     0 | D:1      | LustLizard set off with the following spells memorised:
                  | Freeze, Frozen Ramparts, Ozocubu's Armour, Hailstorm.
     0 | D:1      | Reached XP level 1. HP: 15/15 MP: 0/0
   236 | D:1      | Reached XP level 2. HP: 8/21 MP: 0/0
  1107 | D:1      | Reached XP level 3. HP: 22/25 MP: 0/0
  1107 | D:1      | Learned a level 1 spell: Necrotise
  1351 | D:1      | Found a faded altar of an unknown god.
  2432 | D:2      | Reached XP level 4. HP: 30/31 MP: 0/0
  2511 | D:2      | Reached skill level 4 in Spellcasting
  3136 | D:3      | Identified the +5 sling of Pain and Death {freeze, rN+}
  3181 | D:3      | Noticed Ijyb
  3189 | D:3      | Killed Ijyb
  3190 | D:3      | Reached XP level 5. HP: 22/35 MP: 0/0
  3190 | D:3      | Learned a level 2 spell: Scorch
  3412 | D:3      | Noticed Grinder
  3415 | D:3      | Paralysed by Grinder for 5 turns
  3432 | D:3      | Paralysed by Grinder for 2 turns
  3446 | D:3      | Paralysed by Grinder for 4 turns
  3448 | D:3      | Killed from afar by Grinder

Illustrated notes

Levels and vault maps discovered:
D:1:      psy_arrival_terrarium, layout_rooms,
          shapermc_ecumenical_altar_rom_forum
D:2:      layout_basic
D:3:      layout_loops_ring, uniq_ijyb, uniq_grinder

Skill      XL: |  1  2  3  4 |
---------------+-------------+-----
Stealth        | 2 |  2.6
Spellcasting   | 4 |  4.2
Ranged Weapons | |  0.6
Dodging        | |  2.1

Action                   |  1- 3 |  4- 6 || total
-------------------------+-------+-------++-------
Melee: Hand axe          |    74 |    38 ||   112
 Fire: Sling             |       |    27 ||    27
 Cast: Freeze            |    37 |     1 ||    38
       Frozen Ramparts   |     1 |     5 ||     6
 Stab: Sleeping          |     4 |       ||     4
Armor: Robe              |    26 |    13 ||    39
Dodge: Dodged            |    91 |    28 ||   119
